AoeStats
← Aziz

Arena

510289427Analyzed
1v1 RM · 22h ago on Sep 30, 2026· 52m 35s· 2 players
Game mode
Random Map
Map size
Tiny (2 player)
Population
200
Speed
Normal
Resources
Standard
Victory
Conquest
Starting age
Dark Age
Ending age
Imperial Age
RankedLock teamsTeams togetherTeam positionsShared explorationLock speedFull tech treeHidden civsTurbo modeCheats
Victory
Defeat
🇺🇿 Teutons · Uzbekistan
387
+19
🇨🇳 Britons · China
453
-19
Aziz
9:55 Loom
11:43 Feudal Age
12:30 Horse Collar
12:37 Double-Bit Axe
14:02 Wheelbarrow
13:20 Gold Mining
14:31 Town Watch
17:16 Scale Barding Armor
20:35 Castle Age
19:03 Arson
19:24 Stone Mining
21:41 Hand Cart
21:27 Town Patrol
21:52 Bow Saw
22:45 Heavy Plow
28:10 Scale Mail Armor
28:32 Chain Barding Armor
30:29 Forging
32:57 Iron Casting
32:42 Chain Mail Armor
33:08 Iron Casting
36:44 Imperial Age
36:16 Fletching
40:24 Plate Mail Armor
40:55 Blast Furnace
39:24 Elite Teutonic Knight
40:25 Conscription
41:09 Ballistics
41:00 Fortified Wall
40:57 Siege Engineers
41:54 Chemistry
40:45 Guard Tower
40:41 Arrowslits
41:36 Crenellations
41:26 Onager
41:28 Capped Ram
42:53 Ironclad
44:04 Plate Barding Armor
44:28 Fervor
44:40 Sanctity
45:43 Bodkin Arrow
46:48 Hoardings
45:45 Sappers
46:19 Padded Archer Armor
48:24 Guilds
51:13 Stone Shaft Mining
52:05 Bloodlines
51:16 Cavalier
老方不喝酒
9:40 Feudal Age
10:11 Double-Bit Axe
10:08 Horse Collar
14:49 Horse Collar
18:16 Castle Age
20:27 Bow Saw
23:05 Heavy Plow
26:11 Wheelbarrow
26:44 Gold Mining
29:43 Gold Shaft Mining
34:11 Imperial Age
33:56 Forging
33:38 Fletching
33:51 Padded Archer Armor
34:58 Hand Cart
34:29 Town Watch
36:18 Two-Man Saw
36:26 Conscription
38:58 Man-at-Arms
39:24 Gambesons
40:57 Town Patrol
40:29 Long Swordsman
41:53 Iron Casting
41:19 Scale Mail Armor
41:15 Bodkin Arrow
41:35 Leather Archer Armor
42:03 Two-Handed Swordsman
43:08 Champion
48:09 Yeomen
53:47 Blast Furnace
53:03 Chain Mail Armor
Connection lost

Rejoining the realm…

Still unreachable

The connection could not be restored.

Session expired

The server has moved on; the page needs a fresh start.